 Dungeon Crawl Stone Soup version 0.28.0-43-g3370ac3207 (webtiles) character file.

Game seed: 5793823712019319615

0 smarlow the Magician (level 1, -1/15 HPs)
             Began as a Djinni Fire Elementalist on Mar 9, 2022.
             Slain by a quokka (5 damage)
             ... on level 1 of the Dungeon.
             The game lasted 00:00:21 (38 turns).

smarlow the Magician (Djinni Fire Elementalist)       Turns: 38, Time: 00:00:23

Health: -1/15      AC:  2    Str:  7    XL:     1   Next: 0%
Gold:   0          EV: 12    Int: 16    God:
                   SH:  0    Dex: 13

rFire   + + .      SeeInvis .   (no weapon)
rCold   x . .      Faith    .   (no shield)
rNeg    . . .      Spirit   .   a - +0 robe
rPois   ∞          Reflect  .   (no helmet)
rElec   .          Harm     .   (no cloak)
rCorr   .          Rampage  .   (no gloves)
Will    .....                   (boots unavailable)
Stlth   ++........              (no amulet)
HPRegen 0.05/turn               (no ring)
MPRegen 0.00/turn               (no ring)

@: flying, very slightly contaminated
A: sickness immunity, fire resistance 2, cold vulnerability 1, float, innate
caster, HP casting, extra vitality 1
a: no special abilities


You were on level 1 of the Dungeon.
You visited 1 branch of the dungeon, and saw 1 of its levels.

Inventory:

Armour
 a - a +0 robe (worn)


   Skills:
 + Level 0.0 Fighting
 + Level 2.1 Dodging
 + Level 1.5 Stealth
 * Level 2.4 Spellcasting


You couldn't memorise any spells.
You knew the following spells:

 Your Spells              Type           Power      Damage    Failure   Level
a - Foxfire               Conj/Fire      36%        2x1d5     8%          1
b - Scorch                Fire           18%        2d5       11%         2
c - Conjure Flame         Conj/Fire      9%         6-21      22%         3
d - Inner Flame           Hex/Fire       9%         N/A       22%         3
e - Flame Wave            Conj/Fire      9%         2d5       58%         4
Your spell library was empty.

Dungeon Overview and Level Annotations

Branches:
Dungeon (1/15)

Altars:


Innate Abilities, Weirdness & Mutations

You are immune to sickness and miasma.
You are immune to poison.
Your flesh is very heat resistant. (rF++)
You are vulnerable to cold. (rC-)
You float through the air rather than walking.
You learn spells naturally, not from books.
Your magical power is your life essence.
You have superior vitality. (+4 MHP)


Message History

Welcome, smarlow the Djinni Fire Elementalist.
Will you prevail where others failed? Will you find the Orb of Zot?
Press ? for a list of commands and other information.
Found a staircase leading out of the dungeon.
You begin with the following spells memorised: Foxfire, Scorch, Conjure Flame, Inner Flame, Flame Wave.
As you open the gate, it creaks loudly!
There is an open gate here.
There is an open gate here.
Found a stone staircase leading down.
Found a mace.
A quokka comes into view.
You conjure some foxfire!
The foxfire hits the quokka.
The quokka is moderately wounded.
You conjure some foxfire!
The quokka barely misses you.
There is not enough space to conjure foxfire!
Your foxfire dissipates!
The foxfire hits the quokka but does no damage.
The quokka is moderately wounded.
The foxfire hits the quokka.
The quokka is heavily wounded.
You miscast Foxfire.
You are very lightly contaminated with residual magic.
Nothing appears to happen.
The quokka bites you.
You conjure some foxfire!
The quokka completely misses you. The quokka bites you.
Your foxfire dissipates!
The foxfire hits the quokka but does no damage.
The quokka is moderately wounded.
You are too injured to fight recklessly!
You are too injured to fight recklessly!
Casting: Foxfire (safe; 8% risk of failure)
Press: ? - help, Q - select action, (/) - cycle Dir - look around, f - activate You conjure some foxfire!
* * * LOW HITPOINT WARNING * * *
The quokka bites you.
You die...

###.#. #...#....##.#
##.....#########...#....##8'
............)......#.....###
##....##......##..>.........
........................####
########......#####.....#
#......# #.##### #..r...#
#.# #..v@..# #.# #....v.#
#.# ######## #.# #.# #.# #.#


You could see a quokka (ally target).

Vanquished Creatures (others)
  3 foxfires (D:1)
3 creatures vanquished.

Notes
Turn   | Place    | Note
-------+----------+-------------------------------------------
     0 | D:1      | smarlow the Djinni Fire Elementalist began the quest for
                  | the Orb.
     0 | D:1      | Reached XP level 1. HP: 15/15 MP: 0/0
    38 | D:1      | Slain by a quokka

Illustrated notes

Levels and vault maps discovered:
D:1:      saegor_arrival_simple_c, layout_basic, serial_park_tiny_1

Action                   || total
-------------------------++-------
 Cast: Foxfire           ||     4
Dodge: Dodged            ||     2
